 Dungeon Crawl Stone Soup version 0.28.0-53-g5a82cb258f (webtiles) character file.

Game seed: 3576108183375286163

73 protoss039 the Digger (level 4, -4/49 HPs)
             Began as a Demonspawn Earth Elementalist on June 15, 2022.
             Slain by Crazy Yiuf
             ... wielding a +3 quarterstaff of chaos
              (7 damage)
             ... on level 2 of the Dungeon.
             The game lasted 00:02:40 (2931 turns).

protoss039 the Digger (DsEE)                        Turns: 2931, Time: 00:02:40

Health: -4/49      AC: 22    Str:  9    XL:     4   Next: 8%
Magic:  6/7        EV:  2    Int: 18    God:
Gold:   12         SH:  0    Dex: 13    Spells: 2/8 levels left

rFire   . . .      SeeInvis +   f - +0 spear
rCold   . . .      Faith    .   (no shield)
rNeg    + . .      Spirit   .   (armour currently unavailable)
rPois   +          Reflect  .   (helmet currently unavailable)
rElec   .          Harm     .   (cloak currently unavailable)
rCorr   .          Rampage  .   (gloves currently unavailable)
Will    .....      NoTele   +   (boots currently unavailable)
Stlth   ++........              (no amulet)
HPRegen 0.16/turn               e - ring of see invisible
MPRegen 0.10/turn               k - ring of positive energy

@: lethally poisoned (-4 -> -8), tree-form, attractive
A: stationary, stasis, torment immunity, boosted hp, (claws 1), foul stench 1
a: no special abilities


You were on level 2 of the Dungeon.
You were a tree.
You visited 1 branch of the dungeon, and saw 2 of its levels.

You collected 32 gold pieces.
You spent 20 gold pieces at shops.

Inventory:

Hand Weapons
 f - a +0 spear (weapon)
Missiles
 c - 37 stones
Armour
 d - a +0 helmet (melded)
 h - a +0 leather armour (melded)
Jewellery
 e - a ring of see invisible (left branch)
 g - a ring of ice
 k - a ring of positive energy (right branch)
Scrolls
 a - 3 scrolls of identify
 j - a scroll of brand weapon {unknown}


   Skills:
 * Level 2.0 Fighting
 + Level 1.1 Armour
 - Level 1.7 Dodging
 - Level 1.7 Stealth
 + Level 2.5 Spellcasting
 * Level 0.7 Conjurations
 - Level 1.0 Transmutations
 + Level 3.0 Earth Magic


You had 2 spell levels left.
You knew the following spells:

 Your Spells              Type           Power      Damage    Failure   Level
a - Sandblast             Erth           26%        2d8       4%          1
b - Passwall              Tmut/Erth      7%         N/A       11%         2
c - Stone Arrow           Conj/Erth      18%        3d8       24%         3

Your spell library contained the following spells:

 Spells                   Type           Power      Damage    Failure   Level
 Petrify                  Tmut/Erth      9%         N/A       58%         4


Dungeon Overview and Level Annotations

Branches:
Dungeon (2/15)

Altars:

Shops:
D:2 (?(([

Annotations:
D:2 Crazy Yiuf


Innate Abilities, Weirdness & Mutations

You are a tree.
Your roots penetrate the ground, keeping you stationary.
You cannot be teleported.
You are immune to unholy pain and torment.
Your maximum health is greatly increased.
Your equipment is partially melded.
((You have sharp fingernails.))
You may rarely emit foul miasma when damaged in melee.


Message History

Could not explore, unopened runed door.
Failed to move towards target.
Could not explore, unopened runed door.
Could not explore, unopened runed door.
You open the door. You closely miss Crazy Yiuf.
Crazy Yiuf hits you with a +3 quarterstaff of chaos.
You are poisoned.
You hit Crazy Yiuf but do no damage.
You feel very sick.
Crazy Yiuf hits you with a +3 quarterstaff of chaos!
Crazy Yiuf freezes you.
Casting: Sandblast (safe; 7% risk of failure)
Confirm with . or Enter, or press ? or * to list all spells.
Aiming: Sandblast (safe; 7% risk of failure)
Press: ? - help, Shift-Dir - straight line, f - Crazy Yiuf
Aim: Crazy Yiuf, wielding a +3 quarterstaff of chaos and wearing a +0 cloak (82% to hit)
The blast of sand hits Crazy Yiuf.
Crazy Yiuf is lightly wounded.
* * * LOW HITPOINT WARNING * * *
You feel sick.
Crazy Yiuf hits you with a +3 quarterstaff of chaos.
* * * LOW HITPOINT WARNING * * *
Unknown command.
Unknown command.
It was a potion of attraction.
You feel attractive to monsters.
* * * LOW HITPOINT WARNING * * *
You feel sick. Crazy Yiuf closely misses you.
Unknown command.
Unknown command.
It was a potion of lignification.
You turn into a tree.
Your +0 helmet melds into your body.
Your +0 leather armour melds into your body.
Your roots penetrate the ground.
* * * LOW HITPOINT WARNING * * *
You feel sick.
Crazy Yiuf screams, "Defame!
Fluff hand blue."
Crazy Yiuf hits you with a +3 quarterstaff of chaos!
You die...

.#....#####.#
......#.....#
......#.#####
......#.# .#....#.#
##......##♣♣♣♣♣
......###..)♣.♣♣♣ ###
............)♣).♣#...#
..........))♣♣♣♣♣g)..#
......#.#.♣♣♣ ♣♣#).)#
........##♣ ###
######### #......##
#.###...##########
#.#<#............#
#.#.#............#
#.#.#............#


You could see Crazy Yiuf.

Vanquished Creatures
  An adder (D:2)
  A gnoll (D:1)
  A worm (D:2)
  2 dart slugs
  3 bats
  5 endoplasms
  2 giant cockroaches (D:2)
  4 goblins
  2 hobgoblins
  10 kobolds
  2 quokkas (D:2)
  5 ball pythons
  4 frilled lizards
  6 rats
48 creatures vanquished.

Notes
Turn   | Place    | Note
-------+----------+-------------------------------------------
     0 | D:1      | protoss039 the Demonspawn Earth Elementalist began the
                  | quest for the Orb.
     0 | D:1      | Reached XP level 1. HP: 13/13 MP: 3/3
   211 | D:1      | Reached skill level 1 in Transmutations
   416 | D:1      | Gained mutation: You have sharp fingernails. [demonic
                  | ancestry]
   416 | D:1      | Reached XP level 2. HP: 13/20 MP: 0/5
   664 | D:1      | Reached skill level 1 in Fighting
  1097 | D:1      | Reached XP level 3. HP: 26/26 MP: 2/6
  1306 | D:1      | Found a faded altar of an unknown god.
  1522 | D:1      | Learned a level 2 spell: Passwall
  1526 | D:1      | Learned a level 3 spell: Stone Arrow
  1556 | D:2      | Reached skill level 1 in Armour
  1631 | D:2      | Found Ytsoddis's Antique Armour Shoppe.
  1662 | D:2      | Found Xebliez's Weapon Boutique.
  1677 | D:2      | Reached skill level 3 in Earth Magic
  2046 | D:2      | Found a runed translucent door.
  2047 | D:2      | Noticed Crazy Yiuf
  2270 | D:2      | Found Nieggyam's Antique Weapon Shoppe.
  2408 | D:2      | Found Onliyth's Weapon Shop.
  2626 | D:2      | Gained mutation: You may rarely emit foul miasma when
                  | damaged in melee. [demonic ancestry]
  2626 | D:2      | Reached XP level 4. HP: 33/33 MP: 5/7
  2646 | D:2      | Found Hemomucw's Magic Scroll Emporium.
  2681 | D:2      | Bought a scroll of identify for 20 gold pieces
  2931 | D:2      | Slain by Crazy Yiuf

Illustrated notes

Levels and vault maps discovered:
D:1:      lemuel_arrival_hallway, layout_basic,
          shapermc_ecumenical_altar_mp_highgroup
D:2:      layout_basic, serial_shops, nicolae_shop_bloodbath_and_beyond, shop,
          shop, shop, nicolae_shop_advertising_works
          [nicolae_subvault_shop_adworks], uniq_crazy_yiuf_cottage

Skill      XL: |  1  2  3 |
---------------+----------+-----
Transmutations | 1 |  1.0
Fighting       | 1 2 |  2.0
Armour         | 1 |  1.1
Earth Magic    | 3 |  3.0
Dodging        | |  1.7
Stealth        | |  1.7
Spellcasting   | |  2.5
Conjurations   | |  0.7

Action                   |  1- 3 |  4- 6 || total
-------------------------+-------+-------++-------
Melee: Whip              |    32 |       ||    32
       Unarmed           |     2 |       ||     2
       Spear             |    70 |    18 ||    88
       Punch             |       |     1 ||     1
 Cast: Sandblast         |    34 |     1 ||    35
  Use: Potion            |       |     2 ||     2
 Stab: Sleeping          |     7 |       ||     7
Armor: Robe              |    13 |       ||    13
       Leather armour    |    15 |     1 ||    16
Dodge: Dodged            |    69 |     7 ||    76
